 Dungeon Crawl Stone Soup version 0.27-a0-597-g524d869a0f (webtiles) character file.

Game seed: 17027401641673150098

210 jasper the Stinger (level 5, -5/24 HPs)
             Began as a Spriggan Venom Mage on Mar 11, 2021.
             Killed from afar by an orc wizard (9 damage)
             ... with a magic dart
             ... on level 4 of the Dungeon.
             The game lasted 00:05:18 (4418 turns).

jasper the Stinger (Spriggan Venom Mage)            Turns: 4418, Time: 00:05:18

Health: -5/24      AC:  2    Str:  4    XL:     5   Next: 57%
Magic:  7/10       EV: 17    Int: 18    God:
Gold:   130        SH:  0    Dex: 15    Spells: 3/10 levels left

rFire    . . .     SeeInvis +   h - +0 rapier
rCold    . . .     Faith    .   (shield restricted)
rNeg     . . .     Spirit   .   a - +0 robe
rPois    .         Reflect  .   (helmet restricted)
rElec    .         Harm     .   (no cloak)
rCorr    .         Rampage  .   (gloves unavailable)
Will     .....                  (boots unavailable)
Stlth    +++.......             (no amulet)
HPRegen  0.08/turn              (no ring)
MPRegen  0.12/turn              (no ring)

@: very slightly contaminated, very quick
A: very small, unfitting armour, see invisible, speed 3
a: no special abilities


You were on level 4 of the Dungeon.
You visited 1 branch of the dungeon, and saw 4 of its levels.

You collected 130 gold pieces.

Inventory:

Hand Weapons
 h - a +0 rapier (weapon)
Missiles
 f - 5 curare-tipped darts
Armour
 a - a +0 robe (worn)
Jewellery
 i - an amulet of guardian spirit
Scrolls
 d - a scroll of identify {unknown}
 e - 2 scrolls of magic mapping {unknown}
Potions
 b - 2 potions of attraction {unknown}
 c - 2 potions of flight {unknown}
 g - 3 potions of might {unknown}


   Skills:
 - Level 2.6 Dodging
 - Level 3.9 Stealth
 - Level 3.2 Spellcasting
 + Level 1.3 Conjurations
 - Level 1.3 Transmutations
 + Level 0.0 Fire Magic
 + Level 1.6 Air Magic
 * Level 5.0 Poison Magic


You had 3 spell levels left.
You knew the following spells:

 Your Spells              Type           Power      Damage    Failure   Level
a - Sting                 Tmut/Pois      56%        1d5       4%          1
b - Mephitic Cloud        Conj/Pois/Air  12%        N/A       16%         3
c - Ignite Poison         Fire/Tmut/Pois 10%        N/A       21%         3

Your spell library contained the following spells:

 Spells                   Type           Power      Damage    Failure   Level
 Poisonous Vapours        Pois/Air       28%        N/A       6%          2
 Olgreb's Toxic Radiance  Pois           21%        N/A       21%         4


Dungeon Overview and Level Annotations

Branches:
Dungeon (4/15)
 Temple: D:4-7

Altars:
Wu Jian
Xom

Annotations:
D:4 2 transporters, Gunch's ghost, amateur FeTm


Innate Abilities, Weirdness & Mutations

You are very small and have problems with some larger weapons.
You are too small for most types of armour.
You have supernaturally acute eyesight. (SInv)
You cover ground extremely quickly. (Speed+++)


Message History

3 orcs and an orc wizard come into view.
Found a stone staircase leading up.
The helpless orc wizard fails to defend itself.
You puncture the orc wizard!
The orc wizard is heavily wounded.
The orc wizard gestures at itself while chanting.
The orc wizard flickers and vanishes for a moment.
Aiming: Sting (safe; 4% risk of failure)
Press: ? - help, Q - select action, (/) - cycle Shift-Dir - straight line, f - orc wizard
Aim: an orc wizard, wielding a +3 dagger and wearing a +0 robe (heavily wounded, slightly transparent, 36% to evade)
The sting hits the orc wizard.
The orc wizard is poisoned.
The orc wizard is severely wounded.
The orc shouts!
The orc wizard gestures at you while chanting.
The puff of flame misses you.
You now have 9/10 mp.
Aiming: Sting (safe; 4% risk of failure)
Press: ? - help, Q - select action, (/) - cycle Shift-Dir - straight line, f/p - orc wizard
Aim: an orc wizard, wielding a +3 dagger and wearing a +0 robe (severely wounded, slightly transparent, poisoned, 36% to evade)
The sting misses the orc wizard.
The orc shouts!
The orc wizard hits you with a +3 dagger.
You take 5 damage, and have 19/24 hp.
MASSIVE DAMAGE!!
You now have 8/10 mp.
Aiming: Sting (safe; 4% risk of failure)
Press: ? - help, Q - select action, (/) - cycle Shift-Dir - straight line, f/p - orc wizard
Aim: an orc wizard, wielding a +3 dagger and wearing a +0 robe (severely wounded, slightly transparent, poisoned, 36% to evade)
You miscast Sting.
You are very lightly contaminated with residual magic.
Nothing appears to happen.
The orc wizard gestures at you while chanting.
The magic dart hits you.
You take 6 damage, and have 13/24 hp.
MASSIVE DAMAGE!!
You now have 7/10 mp.
The orc wizard looks more healthy.
The orc wizard gestures at you while chanting.
The puff of flame hits you!
* * * LOW HITPOINT WARNING * * *
You take 9 damage, and have 4/24 hp.
MASSIVE DAMAGE!!
The orc wizard casts a spell at you. The magic dart hits you!
You die...

#o #. #o #o #.
####### #o ##......
#o###...####..#
#...@.........#
#####.>.###...
#.......# #.#####.#
# #.# #.# #.# .#
#.#####.######...###
#..............©....


You could see an orc wizard (invisible).

Vanquished Creatures
  An orc wizard (D:3)
  Terence (D:2)
  7 adders
  2 oozes (D:2)
  A worm (D:2)
  A dart slug (D:3)
  2 leopard geckos
  3 orcs (D:3)
  A ball python (D:1)
  3 bats
  3 giant cockroaches
  3 goblins
  7 hobgoblins
  4 jackals (D:2)
  2 quokkas
  4 frilled lizards
  12 kobolds
  9 rats
66 creatures vanquished.

Vanquished Creatures (others)
  An orc wizard (D:3)
1 creature vanquished.

Grand Total: 67 creatures vanquished

Notes
Turn   | Place    | Note
-------+----------+-------------------------------------------
     0 | D:1      | jasper the Spriggan Venom Mage began the quest for the Orb.
     0 | D:1      | Reached XP level 1. HP: 9/9 MP: 5/5
    18 | D:1      | Found a shimmering altar of Xom.
   423 | D:1      | Reached XP level 2. HP: 13/13 MP: 1/6
  1413 | D:2      | Noticed Terence
  1430 | D:2      | Killed Terence
  1431 | D:2      | Reached XP level 3. HP: 16/16 MP: 3/8
  1435 | D:2      | Learned a level 3 spell: Mephitic Cloud
  1567 | D:2      | Reached skill level 4 in Poison Magic
  1698 | D:2      | Reached XP level 4. HP: 21/21 MP: 6/9
  1790 | D:2      | Found a faded altar of an unknown god.
  2489 | D:2      | Reached skill level 1 in Air Magic
  2646 | D:2      | Found a shimmering altar of Xom.
  3119 | D:3      | Reached skill level 1 in Conjurations
  3119 | D:3      | Reached XP level 5. HP: 10/24 MP: 4/10
  3139 | D:3      | Learned a level 3 spell: Ignite Poison
  3772 | D:3      | Found an ornate altar of the Wu Jian Council.
  3917 | D:3      | Reached skill level 5 in Poison Magic
  4299 | D:4      | Noticed a necrophage
  4364 | D:4      | Found a transporter.
  4366 | D:4      | Noticed Gunch's ghost (amateur FeTm)
  4369 | D:4      | Found a transporter.
  4418 | D:4      | Killed from afar by an orc wizard

Illustrated notes

Levels and vault maps discovered:
D:1:      nzn_arrival_settlement, layout_loops_corners, st_stairs_4,
          xom_teletrap_fun
D:2:      layout_loops_ring, marbit_many_paths,
          chequers_ecumenical_altar_simple, uniq_terence
D:3:      layout_loops_ring, overflow_temple_1_default
D:4:      kennysheep_six_static_rooms, layout_loops_ring,
          nicolae_ashenzari_skybound, minmay_temple_entry_butterflies,
          gammafunk_ghost_mausoleum

Skill      XL: |  1  2  3  4  5 |
---------------+----------------+-----
Spellcasting   | 3 |  3.2
Poison Magic   | 4 5 |  5.0
Air Magic      | 1 |  1.6
Conjurations   | 1 |  1.3
Dodging        | |  2.6
Stealth        | |  3.9
Transmutations | |  1.3

Action                   |  1- 3 |  4- 6 || total
-------------------------+-------+-------++-------
Melee: Unarmed           |    15 |    31 ||    46
       Rapier            |       |    16 ||    16
 Cast: Sting             |    48 |    77 ||   125
  Use: Scroll            |       |     2 ||     2
 Stab: Sleeping          |       |     4 ||     4
Armor: Robe              |     1 |     4 ||     5
Dodge: Dodged            |    19 |    68 ||    87

Table legend: (Time is in decaauts)
 A = Elapsed time spent in this place.
 B = Non-inter-level travel time spent in this place.
 C = Inter-level travel time spent in this place.
 D = Time resting spent in this place.
 E = Time spent auto-exploring this place.
 F = Levels seen in this place.
 G = Mean time per level.
                   A        B        C        D        E       F      G
               +--------+--------+--------+--------+--------+-----+--------+
         Total |   3424 |   3375 |     49 |    149 |   2781 |   4 |  856.0 |
       Dungeon |   3424 |   3375 |     49 |    149 |   2781 |   4 |  856.0 |
               +--------+--------+--------+--------+--------+-----+--------+

Top non-repeatable levels by time:
     D:3: 1145 daAuts
     D:2: 1137 daAuts
     D:1: 1060 daAuts
     D:4: 81 daAuts
